[Event "50th La Roda Open 2024"]
[Site "La Roda"]
[Date "2024.03.30"]
[Round "6.5"]
[White "Liu, Zexu"]
[Black "Peralta, Fernando"]
[Result "1-0"]
[ECO "A30"]
[WhiteElo "2325"]
[BlackElo "2580"]
[Annotator "TA"]
[PlyCount "67"]
[EventDate "2024.03.27"]
[EventType "swiss"]
[EventCountry "ESP"]
[SourceTitle "playchess.com"]
[Source "ChessBase"]
[SourceQuality "1"]
[TimeControl "5400+30"]

1. Nf3 Nf6 2. c4 e6 3. g3 b6 4. Bg2 Bb7 5. O-O Be7 6. Nc3 O-O 7. Re1 c5 8. e4 d6 9. d4 cxd4 10. Nxd4 Qc8 11. Bf4 a6 12. Rc1 Re8 13. Be3 {[%emt 0:00:57] White is slightly better.} Nbd7 14. b3 h6 15. f4 Qc7 16. Bf3 Rac8 17. Qd2 Qb8 18. Qg2 Nc5 19. Rcd1 {[%emt 0:02:02] Wards off Nd3} Qa8 20. Bf2 b5 21. cxb5 Nxb3 22. Nc6 Na5 ({Better is} 22... Nc5 $1 $14) 23. Nxa5 $16 Rxc3 24. Bd4 (24. Nxb7 $16 Qxb7 25. e5 Qxf3 26. Qxf3 Rxf3 27. exf6 gxf6 28. bxa6) 24... Rxf3 $14 25. Qxf3 {[%emt 0:02:34] Bxf6 would now be deadly.} Bxe4 {[%emt 0:01:25] [#]} (25... Nxe4 $2 {is the wrong capture.} 26. Nxb7 d5 27. Na5 axb5 28. Nb3 $18) 26. Rxe4 Nxe4 27. b6 $36 {[%emt 0:00:09][%mdl 2048] White is on the roll. White is more active.} Qd5 (27... d5 $142) 28. Bf2 (28. b7 $1 $16) 28... Qxa5 (28... Qf5 $11 29. Nc6 Nxf2 30. Qxf2 Bf8) 29. Qxe4 Rb8 {[%emt 0:09:04] [#] Black cannot hold the game after this.} (29... Qxa2 $16 {was called for.} 30. Qc6 Rf8) 30. Qc6 $1 $18 {[%emt 0:00:47] aiming for b7.} Qb5 $2 ({Don't play} 30... Qxa2 31. Qc7 Re8 32. Qd7 $18) (30... d5 31. b7 Kh7) 31. Qxb5 axb5 32. Rb1 {[%emt 0:00:04] White is clearly winning.} Kf8 33. Rxb5 Ke8 34. b7 {[%emt 0:00:36] Weighted Error Value: White=0.13 (very precise) /Black=0.41.  Mistake:       	White=2     	Black=5      Inaccurate:     	White=2     	Black=2      OK:         	White=5     	Black=10     Best:        	White=5     	Black=1      Strong:       	White=1     	---        Brilliant:      	White=1     	---} 1-0

[Event "50th La Roda Open 2024"]
[Site "La Roda"]
[Date "2024.03.30"]
[Round "6.6"]
[White "Lopez Mijail, Nicolas"]
[Black "Elias Reyes, Jorge Roberto"]
[Result "0-1"]
[ECO "B72"]
[WhiteElo "2231"]
[BlackElo "2473"]
[Annotator "TA"]
[PlyCount "138"]
[EventDate "2024.03.27"]
[EventType "swiss"]
[EventCountry "ESP"]
[SourceTitle "playchess.com"]
[Source "ChessBase"]
[SourceQuality "1"]
[TimeControl "5400+30"]

1. e4 c5 2. Nf3 d6 3. d4 cxd4 4. Nxd4 Nf6 5. Nc3 a6 6. h3 Nc6 7. Be3 g6 8. Qd2 Bg7 9. O-O-O Nxd4 10. Bxd4 Be6 11. g4 Qa5 12. a3 O-O 13. Kb1 Rfc8 14. f4 b5 15. Bg2 b4 16. axb4 Qxb4 17. Nd5 Nxd5 18. exd5 Qxd2 19. Rxd2 Bd7 20. Re1 Re8 21. c3 Rab8 22. Kc2 a5 23. Bxg7 Kxg7 24. Rd4 a4 25. Bf3 Rb6 26. Rc4 Reb8 27. Rb1 (27. b4 $1 $11 {remains equal.}) 27... R8b7 (27... Rb3 $1 $17 28. Rc7 a3 29. Rxd7 a2) 28. Kc1 h5 (28... a3 $6 29. b4 $11) 29. Bd1 hxg4 30. hxg4 Ra7 (30... a3 $5 31. b4 Ra7 $15) 31. Ra1 Rb8 32. Ra3 Rh8 33. b3 Rh1 34. Kd2 Rb7 35. b4 Rh2+ 36. Ke3 Rh3+ 37. Kf2 Rh2+ 38. Ke3 Kf6 39. g5+ Kg7 40. Rd4 f6 41. gxf6+ (41. Bxa4 Ra7 42. Bxd7 Rxa3 $17) (41. Bf3 $11 {keeps the balance.}) 41... Kxf6 42. Rd2 (42. Be2 $15) 42... Rh3+ $17 43. Bf3 (43. Kd4 $17 {was worth a try.} Rxb4+ 44. cxb4 Rxa3 45. Rg2) 43... Bg4 $19 44. Rf2 {[%emt 0:00:02] [#]} Rc7 $2 (44... Kf5 $1 $19 {and Black stays clearly on top. aiming for ...Rb8.} 45. b5 (45. Rxa4 $2 {perishes.} Rc7 $19) 45... Rxb5 46. Rxa4 Rxd5) 45. Ke2 {[%emt 0:00:42] [#]} Rxf3 ({Better is} 45... Bf5 $1 $17 46. Ke1 Bd7) 46. Rxf3 $11 Kf5 47. Kf2 Bxf3 48. Kxf3 Rc4 49. Kg3 (49. Ke3 $11) 49... Rxf4 $17 50. Rxa4 Rc4 51. Kf3 $2 (51. Ra3 $15) 51... Rxc3+ $19 52. Ke2 Rb3 53. Kd2 Ke5 54. Kc2 Re3 55. Ra5 Kd4 56. b5 Kxd5 57. b6+ Kc6 58. Rb5 Kb7 (58... Kxb5 $2 {is the wrong capture.} 59. b7 $18) 59. Kd2 Re5 60. Rb1 g5 61. Kd3 g4 62. Rb4 Rg5 63. Ke2 g3 64. Kf1 g2+ 65. Kg1 Rg6 66. Rb5 Rg8 67. Rb2 Rc8 68. Re2 e5 (68... Kxb6 69. Rxe7 Rg8 70. Re2) 69. Rb2 Rc6 0-1

[Event "50th La Roda Open 2024"]
[Site "La Roda"]
[Date "2024.03.30"]
[Round "6.7"]
[White "Bustos Bernardo, Samuel"]
[Black "Admiraal, Miguoel"]
[Result "1/2-1/2"]
[ECO "D15"]
[WhiteElo "2188"]
[BlackElo "2471"]
[Annotator "TA"]
[PlyCount "84"]
[EventDate "2024.03.27"]
[EventType "swiss"]
[EventCountry "ESP"]
[SourceTitle "playchess.com"]
[Source "ChessBase"]
[SourceQuality "1"]
[TimeControl "5400+30"]

1. Nf3 d5 2. d4 Nf6 3. c4 c6 4. e3 Bf5 5. Nc3 a6 6. Ne5 Nbd7 7. Qb3 Qc7 8. cxd5 {[%emt 0:00:52] White has an edge.} Nxe5 9. dxe5 Nxd5 10. Nxd5 cxd5 11. Bd2 Qxe5 12. Rc1 Bd7 13. Bd3 f6 (13... e6 $11) 14. Qxb7 $16 Rb8 15. Qxa6 Qxb2 16. Ke2 $1 {[%emt 0:01:27] aiming for Rb1.} Kf7 17. a4 Qe5 {[%emt 0:08:22] Dodges Rc7} 18. Qa7 Be6 19. a5 g6 20. Rc7 (20. f4 $142 Qd6 21. Rb1) 20... Rb2 21. Qc5 (21. Rhc1 $14) 21... Bg4+ (21... Qg5 $1 $11 {keeps the balance.}) 22. f3 Bf5 23. a6 ({Better is} 23. Bxf5 $16 gxf5 24. Rd7) 23... Bh6 {[%emt 0:00:55][%cal Oh6e3] ...Bxe3! would now be deadly.} 24. Rc1 $36 {[%emt 0:01:09][%mdl 2048] White is more active.} Bxd3+ 25. Kxd3 {[%emt 0:00:08] Strongly threatening a7.} Re8 (25... d4 $14 26. Qxe5 (26. Qxd4 $2 Rxd2+ 27. Kxd2 Qxd4+ $19) 26... fxe5) 26. a7 $18 Ra2 27. Rc2 $1 Ra1 (27... Ra4 {was worth a try.}) 28. g3 (28. Ke2 $18 {has better winning chances. Hoping for Bc3.} Bf4 29. Bc3 Qxc7 30. Bxa1 Qxc5 31. Rxc5 Bxh2 32. Rxd5) 28... Qf5+ (28... Qe6 $16) 29. Ke2 Qh3 $2 (29... Qe6 {was necessary.} 30. Bc3 Ra4) 30. Qxd5+ $2 (30. Rc1 $18 {is the precise move to win.} Qg2+ 31. Kd3) 30... Kg7 $16 {[%emt 0:00:00][%csl Ga1][%cal Rh3f1] [#]} 31. Kd3 {[%emt 0:02:42] Active counter play!} (31. Bc1 $1 $16) 31... Qf1+ $11 32. Ke4 (32. Kc3 $11 Bxe3 33. Bxe3 Ra3+ 34. Kb4) 32... Ra4+ $15 33. R2c4 {[%emt 0:00:32] [#]} Qb1+ $2 ({Black should play} 33... Ra3 $1 $19 {Threatens to win with ...Qb1+.} 34. Qd7 Qb1+ 35. Kd5 Bxe3 36. Bxe3 (36. Qxe8 {is a self mate.} Qf5+ 37. Kc6 Qe6+ 38. Kb7 Rxa7+ 39. Kb8 Qb6+ 40. Kc8 Ra8+ 41. Kd7 Qd6#) 36... Rxe3 37. Qxe8 Re5+ 38. Kd4 Qg1+ 39. Kc3 Qa1+ 40. Kd3 Qf1+ 41. Kd4 Qd1+ 42. Kc3 Qa1+ 43. Kb3 Qb1+ 44. Ka3 Qa1+ 45. Kb3 Qb1+ 46. Ka3 Qa1+ 47. Kb3) 34. Kd4 $11 Qb6+ (34... Ra3 $5 35. Bc3 $8 Qc1 $11) 35. Kd3 $1 {[%emt 0:01:52] The board is on fire.} ({Wrong is} 35. Qc5 $2 Qb2+ 36. Kd3 Rd8+ 37. Rd4 Rdxd4+ 38. exd4 Qxd2+ $19 (38... Bxd2 39. Qxe7+ Kh6 40. Qxh7+ Kg5 41. Qh4+ Kf5 42. Qg4#)) 35... Rxa7 36. Qd7 (36. Rxa7 $11 Qxa7 37. Ke2) 36... Qb3+ 37. Rc3 Rxc7 38. Qxc7 Qd1 ({Black should try} 38... Qb5+ $17 39. Rc4 Qf5+ 40. Ke2 Qh3) 39. Qd7 {[%emt 0:00:46] The position is equal.} Kf8 40. Rc8 Qb3+ 41. Ke2 Rxc8 42. Qxc8+ Kg7 {[%emt 0:00:35] Blacks defense is rewarded with a draw.   Weighted Error Value: White=0.31/Black=0.37.  Missed win:     	White=1     	Black=1      Mistake:       	White=7     	Black=7      OK:         	White=12    	Black=14     Best:        	White=5     	Black=4      Strong:       	White=3     	---} 1/2-1/2

[Event "50th La Roda Open 2024"]
[Site "La Roda"]
[Date "2024.03.30"]
[Round "6.8"]
[White "Ponce Navalon, Jose"]
[Black "Martinez Ramirez, Lennis"]
[Result "0-1"]
[ECO "B42"]
[WhiteElo "2141"]
[BlackElo "2450"]
[Annotator "RC"]
[PlyCount "112"]
[EventDate "2024.03.27"]
[EventType "swiss"]
[EventCountry "ESP"]
[SourceTitle "playchess.com"]
[Source "ChessBase"]
[SourceQuality "1"]
[TimeControl "5400+30"]

1. e4 c5 2. Nf3 e6 3. d4 cxd4 4. Nxd4 Nf6 5. Bd3 a6 6. O-O Qc7 7. Nd2 Bc5 8. N2b3 Ba7 9. Bg5 Nc6 10. Nxc6 bxc6 11. Qf3 Qe5 12. Bf4 Qh5 13. Qxh5 Nxh5 14. Bd6 g5 15. a4 Bb8 16. e5 f6 17. Rfe1 Nf4 18. Bf1 Ng6 19. Bxb8 Rxb8 20. exf6 Rf8 21. Ra2 Rxf6 22. Nc5 Rf5 23. Nxa6 Rb6 24. Nc7+ Kd8 25. a5 Rb8 26. Na6 Ra8 27. Nb4 Rfxa5 28. Rea1 Rxa2 29. Rxa2 Rxa2 30. Nxa2 h6 31. f3 d5 32. Nb4 Kc7 33. c3 c5 34. Nc2 c4 35. Kf2 e5 36. Na1 Ba6 37. g3 Kb6 38. Bh3 Kc5 39. Be6 Ne7 40. Nc2 d4 41. cxd4+ exd4 42. b4+ cxb3 43. Bxb3 d3 44. Ne3 Kd4 45. Nd1 d2 46. Bc2 Nd5 47. Bb3 Nb4 48. Bf7 Nd3+ 49. Kg2 Ne5 50. Bb3 Bb7 51. Kf2 Bxf3 52. h3 h5 53. Bc2 g4 54. h4 Nd3+ 55. Kf1 Bxd1 56. Bxd1 Ke3 0-1

[Event "50th La Roda Open 2024"]
[Site "La Roda"]
[Date "2024.03.30"]
[Round "6.9"]
[White "Sanchez Alvarez, Roberto Carlos"]
[Black "Rottenwohrer Suarez, Juan"]
[Result "1-0"]
[ECO "A28"]
[WhiteElo "2407"]
[BlackElo "2275"]
[Annotator "TA"]
[PlyCount "101"]
[EventDate "2024.03.27"]
[EventType "swiss"]
[EventCountry "ESP"]
[SourceTitle "playchess.com"]
[Source "ChessBase"]
[SourceQuality "1"]
[TimeControl "5400+30"]

1. c4 e5 2. Nc3 Nf6 3. Nf3 Nc6 4. e3 Bb4 5. Qc2 Bxc3 6. Qxc3 Qe7 7. d4 e4 8. Nd2 d5 9. a3 {[%emt 0:10:54] The position is equal.} a5 10. h3 h5 11. b3 h4 12. Bb2 g5 13. Qc2 Be6 14. O-O-O g4 ({Black should play} 14... O-O-O $14) 15. cxd5 (15. hxg4 $18 {and White stays clearly on top. Black must now prevent g5.} a4 16. bxa4) 15... Bxd5 $16 16. hxg4 {[%emt 0:00:01] Threatens to win with g5.} Nxg4 (16... O-O-O $16) 17. Bc4 $18 Bxc4 (17... Nf6 $142) 18. Nxc4 Rh6 19. d5 Nd8 (19... Nce5) 20. f3 b5 21. d6 cxd6 22. Nxd6+ (22. Qxe4 $2 Qxe4 23. Nxd6+ Rxd6 24. fxe4 Rc6+ 25. Kd2 Nf2 26. Rxh4 Nxd1 27. Kxd1 Rac8 28. Rh8+ Ke7 $19) (22. fxg4 bxc4 23. Qxc4 Rb8 $16) 22... Rxd6 23. Rxd6 (23. fxg4 Raa6 24. Qf2 (24. Kb1 Rac6 $11) 24... Rac6+ 25. Kb1 Rxd1+ 26. Rxd1 Rd6 27. Rxd6 Qxd6 $11) 23... Nxe3 (23... Qxd6 $142 24. Qxe4+ (24. fxg4 Ne6 $16) 24... Kf8 25. Qxg4 (25. Qxa8 Nf2 $18) 25... Qd3) 24. Qxe4 Rc8+ 25. Kb1 Ne6 (25... Qxe4+ $142 26. fxe4 a4 27. Rxh4 Ke7) 26. Rd2 Qg5 27. Qxh4 (27. Rxh4 $142 Qe7 28. Re2) 27... Qf5+ 28. Ka2 Rc2 29. Qh8+ Ke7 30. Rxc2 Nxc2 31. Rd1 {[%emt 0:02:34] Hoping for Qc8.} a4 32. Bf6+ Qxf6 {[%emt 0:00:04] [#]} 33. Rd7+ $3 Kxd7 34. Qxf6 axb3+ 35. Kxb3 Ncd4+ 36. Kc3 Ne2+ 37. Kb4 N2f4 38. Qxf7+ Kd6 39. g3 Nd3+ 40. Kxb5 {[%emt 0:00:33] Threatening mate with f4.} Ne5 41. Qf6 Nxf3 42. a4 Ne5 43. a5 {[%emt 0:00:49] a6 would kill now.} Nd7 44. Qh6 {[%emt 0:00:38] White mates.} Kd5 45. Qh5+ Kd6 46. Qd1+ Kc7 47. g4 Nf6 {[%emt 0:01:49] [#]} 48. g5 $1 Ne8 49. g6 Nd6+ 50. Kb4 Nc8 51. Qd5 {[%emt 0:06:16] Weighted Error Value: White=1.14/Black=0.66.  Mistake:       	White=1     	Black=6      Inaccurate:     	White=2     	Black=5      OK:         	White=5     	Black=1      Best:        	White=3     	---} 1-0

[Event "50th La Roda Open 2024"]
[Site "La Roda"]
[Date "2024.03.30"]
[Round "6.10"]
[White "Hapala, Elisabeth"]
[Black "Cruz Lledo, Pablo"]
[Result "0-1"]
[ECO "B01"]
[WhiteElo "2015"]
[BlackElo "2353"]
[Annotator "RC"]
[PlyCount "108"]
[EventDate "2024.03.27"]
[EventType "swiss"]
[EventCountry "ESP"]
[SourceTitle "playchess.com"]
[Source "ChessBase"]
[SourceQuality "1"]
[TimeControl "5400+30"]

1. e4 d5 2. exd5 Qxd5 3. Nc3 Qd6 4. d4 Nf6 5. Nf3 g6 6. Nb5 Qb6 7. a4 c6 8. a5 Qd8 9. Nc3 Bg7 10. h3 O-O 11. Bc4 Bf5 12. Nh4 Be4 13. Nxe4 Nxe4 14. Nf3 e5 15. Be3 Nd6 16. Bb3 e4 17. Ne5 Nf5 18. Qd2 c5 19. c3 cxd4 20. cxd4 Nc6 21. Nxc6 bxc6 22. O-O Rb8 23. Ba4 Nxd4 24. Rfd1 c5 25. Rac1 Rb4 26. b3 Qxa5 27. Qe1 Qb6 28. Bd2 Nxb3 29. Bxb4 Nxc1 30. Ba5 Ne2+ 31. Qxe2 Qxa5 32. Qxe4 Bd4 33. Bb3 Qb4 34. Bd5 Qb2 35. Qf3 Kg7 36. Re1 Bf6 37. g3 a5 38. h4 h5 39. Re4 Rd8 40. Rc4 Qb6 41. Rf4 Qd6 42. Bb3 Rb8 43. Kh2 Qe7 44. Bc4 Rb4 45. Qc6 Rb2 46. Kg2 Rd2 47. Rf3 Rd4 48. Bd5 a4 49. Ba2 Qd6 50. Qb7 c4 51. Rc3 Rd2 52. Bxc4 Bxc3 53. Qxf7+ Kh6 54. g4 hxg4 0-1

[Event "50th La Roda Open 2024"]
[Site "La Roda"]
[Date "2024.03.30"]
[Round "6.11"]
[White "Martinez Reyes, Pedro Ramon"]
[Black "Iglesias Ferreira, Andres"]
[Result "0-1"]
[ECO "B22"]
[WhiteElo "2332"]
[BlackElo "2234"]
[Annotator "RC"]
[PlyCount "68"]
[EventDate "2024.03.27"]
[EventType "swiss"]
[EventCountry "ESP"]
[SourceTitle "playchess.com"]
[Source "ChessBase"]
[SourceQuality "1"]
[TimeControl "5400+30"]

1. e4 c5 2. c3 Nf6 3. e5 Nd5 4. Bc4 Nb6 5. Bb3 d6 6. exd6 Qxd6 7. Nf3 Nc6 8. Na3 a6 9. O-O Bf5 10. d4 cxd4 11. Nxd4 Nxd4 12. cxd4 e6 13. Qf3 Qc6 14. Qg3 Bxa3 15. bxa3 O-O 16. h4 Qe4 17. h5 Nd5 18. Rd1 Qg4 19. Qh2 Be4 20. Kh1 Qe2 21. Bg5 h6 22. Rd2 Qg4 23. Be3 Rac8 24. Re1 Rc3 25. Bd1 Qf5 26. Kg1 Rfc8 27. Qh4 g5 28. hxg6 Qxg6 29. Bg4 f5 30. Bh3 f4 31. Bxf4 Nxf4 32. Qxf4 Rxh3 33. f3 Bxf3 34. Re3 Rc1+ 0-1

[Event "50th La Roda Open 2024"]
[Site "La Roda"]
[Date "2024.03.30"]
[Round "6.12"]
[White "Pranav Vijay"]
[Black "Louis, Corentin"]
[Result "1-0"]
[ECO "C10"]
[WhiteElo "2252"]
[BlackElo "2091"]
[Annotator "RC"]
[PlyCount "57"]
[EventDate "2024.03.27"]
[EventType "swiss"]
[EventCountry "ESP"]
[SourceTitle "playchess.com"]
[Source "ChessBase"]
[SourceQuality "1"]
[TimeControl "5400+30"]

1. e4 e6 2. d4 d5 3. Nc3 Nc6 4. Nf3 Nf6 5. Bg5 Be7 6. Bxf6 Bxf6 7. Bb5 O-O 8. O-O Nb8 9. Re1 c6 10. Bd3 b6 11. e5 Be7 12. Ne2 Ba6 13. Bxa6 Nxa6 14. Nf4 c5 15. Qe2 Nb4 16. Rad1 Qc8 17. a3 Nc6 18. c4 dxc4 19. d5 exd5 20. Nxd5 Bd8 21. Qxc4 Qf5 22. Qa4 Rc8 23. Ne3 Qh5 24. Qe4 Qg6 25. Nf5 Nd4 26. N3xd4 cxd4 27. Rxd4 Qe6 28. Rd6 Qe8 29. Qg4 1-0

[Event "50th La Roda Open 2024"]
[Site "La Roda"]
[Date "2024.03.30"]
[Round "6.13"]
[White "Hurtado, Felipe"]
[Black "Ramiro Ovejero, Juan Luis"]
[Result "1/2-1/2"]
[ECO "C76"]
[WhiteElo "2087"]
[BlackElo "2316"]
[Annotator "RC"]
[PlyCount "208"]
[EventDate "2024.03.27"]
[EventType "swiss"]
[EventCountry "ESP"]
[SourceTitle "playchess.com"]
[Source "ChessBase"]
[SourceQuality "1"]
[TimeControl "5400+30"]

1. e4 e5 2. Nf3 Nc6 3. Bb5 a6 4. Ba4 d6 5. c3 Bd7 6. O-O g6 7. d4 Bg7 8. d5 Nce7 9. c4 b5 10. Bc2 f5 11. Bg5 h6 12. Bxe7 Nxe7 13. b4 bxc4 14. Nc3 O-O 15. Nd2 Qb8 16. Rb1 Qa7 17. a4 a5 18. b5 Qd4 19. Ne2 Qc5 20. Rc1 Nc8 21. Bb3 Nb6 22. Bxc4 Qb4 23. Bb3 fxe4 24. Ng3 Rf4 25. Rxc7 Bg4 26. Qe1 Raf8 27. Ngxe4 Bf5 28. Bc2 Nxd5 29. Rc4 Qb2 30. g3 Nb4 31. Bb3 Rxe4 32. Rxb4+ Qxb3 33. Rxb3 Rxe1 34. Rxe1 Bc2 35. Rc3 Bxa4 36. b6 e4 37. Rc4 Bb5 38. Rcxe4 Bc3 39. Rd1 d5 40. Re3 Bd4 41. Rf3 Rb8 42. Rb1 Be2 43. Ra3 Rxb6 44. Rxb6 Bxb6 45. Nb3 d4 46. Nxa5 Bc5 47. Ra2 Bd1 48. Rd2 Ba4 49. Nc4 Bb5 50. Ne5 Kg7 51. Nf3 d3 52. Ne5 Bb4 53. Rxd3 Bxd3 54. Nxd3 Bd6 55. Kg2 h5 56. Kf3 Kf6 57. h3 Kf5 58. Ne1 Bb4 59. Ng2 Bd6 60. Nh4+ Kf6 61. g4 hxg4+ 62. hxg4 Ba3 63. Kg3 Bd6+ 64. Kh3 Bc5 65. f3 Bd6 66. Ng2 Kg5 67. Ne3 Kf4 68. Nc4 Bc7 69. Kg2 Bb8 70. Kf2 Ba7+ 71. Ke2 Bc5 72. Nd2 Bb4 73. Ne4 Be7 74. Nf2 Ke5 75. Nd3+ Kf6 76. f4 Bd6 77. Kf3 Ke6 78. Ke4 Ba3 79. Ne1 Bb2 80. Nf3 Kf6 81. Ne5 Bc1 82. g5+ Kg7 83. Nd3 Bd2 84. Kd5 Kf7 85. Kd6 Be3 86. Kd5 Bd2 87. Ne5+ Kg7 88. Ke4 Bc1 89. Nd7 Kf7 90. Nf6 Bb2 91. Nd5 Ke6 92. Ne3 Bc1 93. Ng4 Kf7 94. Ke5 Bd2 95. Nh6+ Kg7 96. Ng4 Kf7 97. Nf2 Bc3+ 98. Kd5 Bd2 99. Nd3 Be3 100. Kd6 Bd2 101. Ne5+ Kg7 102. Nxg6 Kxg6 103. f5+ Kxf5 104. g6 Kxg6 1/2-1/2

[Event "50th La Roda Open 2024"]
[Site "La Roda"]
[Date "2024.03.30"]
[Round "6.14"]
[White "Portero Rubio, Martin"]
[Black "Alfaya Marcelo, Roberto"]
[Result "1-0"]
[ECO "B44"]
[WhiteElo "2067"]
[BlackElo "2311"]
[Annotator "RC"]
[PlyCount "103"]
[EventDate "2024.03.27"]
[EventType "swiss"]
[EventCountry "ESP"]
[SourceTitle "playchess.com"]
[Source "ChessBase"]
[SourceQuality "1"]
[TimeControl "5400+30"]

1. e4 c5 2. Nf3 e6 3. d4 cxd4 4. Nxd4 Nc6 5. Nb5 d6 6. c4 a6 7. N5c3 Nf6 8. Be2 Be7 9. O-O O-O 10. Be3 Qc7 11. Na3 b6 12. Rc1 Ne5 13. f3 Bb7 14. Qd2 Rac8 15. Rfd1 Rfd8 16. Kh1 Ned7 17. Bf1 Qb8 18. Qf2 d5 19. cxd5 exd5 20. exd5 b5 21. Ba7 Qa8 22. d6 Bf8 23. b4 Rc6 24. Naxb5 axb5 25. Nxb5 Rxc1 26. Rxc1 Nd5 27. Nc7 Nxc7 28. dxc7 Rc8 29. b5 Ba3 30. Rc2 Nf8 31. Qe3 Bd6 32. b6 Re8 33. Qd2 Re6 34. a4 Qe8 35. Rc1 Rh6 36. Qg5 Bxh2 37. Qxh6 gxh6 38. Kxh2 Bc8 39. Rd1 Ne6 40. Bb5 Qe7 41. Bd7 Qh4+ 42. Kg1 Nf4 43. Bxc8 Qg3 44. Rd2 Qe1+ 45. Kh2 Nh5 46. Ba6 Qg3+ 47. Kg1 Qe1+ 48. Bf1 Qc1 49. b7 Qxd2 50. c8=Q+ Kg7 51. Qg4+ Kf6 52. Qd4+ 1-0

[Event "50th La Roda Open 2024"]
[Site "La Roda"]
[Date "2024.03.30"]
[Round "6.15"]
[White "Blom, Vincent"]
[Black "Roquero Redondo, Miguel"]
[Result "1/2-1/2"]
[ECO "A13"]
[WhiteElo "2307"]
[BlackElo "2086"]
[Annotator "RC"]
[PlyCount "84"]
[EventDate "2024.03.27"]
[EventType "swiss"]
[EventCountry "ESP"]
[SourceTitle "playchess.com"]
[Source "ChessBase"]
[SourceQuality "1"]
[TimeControl "5400+30"]

1. c4 e6 2. g3 Nf6 3. Bg2 d5 4. Nf3 dxc4 5. O-O Nbd7 6. Na3 Bxa3 7. bxa3 O-O 8. Qc2 Rb8 9. Rb1 a6 10. a4 b6 11. Ba3 c5 12. Qxc4 Bb7 13. d4 Qc8 14. dxc5 Bd5 15. Qf4 bxc5 16. Ra1 Qc6 17. Rfc1 Rfc8 18. Bf1 c4 19. Be7 Qxa4 20. Nd2 e5 21. Qe3 Re8 22. Qa3 Qc6 23. e4 Nxe4 24. Nxe4 Bxe4 25. Rxc4 Qg6 26. Qd6 Bf5 27. Qxg6 hxg6 28. Bd6 Rb6 29. Bc7 Rb2 30. a4 e4 31. Rc3 a5 32. Bb5 Re7 33. Bd6 Re6 34. Rd1 Ne5 35. Ba3 Ra2 36. Rd8+ Kh7 37. Rcc8 g5 38. Bc1 Kg6 39. Be3 Bh3 40. Rc1 Rf6 41. Rd5 Rfxf2 42. Bxf2 Nf3+ 1/2-1/2

[Event "50th La Roda Open 2024"]
[Site "La Roda"]
[Date "2024.03.30"]
[Round "6.16"]
[White "Fernandez Barrera, Victor"]
[Black "Jimenez Villena, Francisco Jose"]
[Result "1-0"]
[ECO "B03"]
[WhiteElo "2249"]
[BlackElo "2074"]
[Annotator "RC"]
[PlyCount "98"]
[EventDate "2024.03.27"]
[EventType "swiss"]
[EventCountry "ESP"]
[SourceTitle "playchess.com"]
[Source "ChessBase"]
[SourceQuality "1"]
[TimeControl "5400+30"]

1. e4 Nf6 2. e5 Nd5 3. d4 d6 4. c4 Nb6 5. exd6 cxd6 6. Nc3 g6 7. Be3 Bg7 8. Rc1 O-O 9. b3 Bf5 10. Nf3 Nc6 11. d5 Nb4 12. Nd4 Bd7 13. a3 Na6 14. Be2 Nc7 15. O-O e6 16. dxe6 fxe6 17. Nf3 Bc6 18. Qd2 d5 19. c5 Nc8 20. Bh6 Qf6 21. Bxg7 Kxg7 22. Qe3 Ne7 23. Bd3 Rad8 24. Ne2 d4 25. Nfxd4 e5 26. Nxc6 bxc6 27. Be4 Ncd5 28. Qh3 Nf5 29. b4 Nd4 30. Nxd4 exd4 31. Bxd5 Rxd5 32. b5 cxb5 33. c6 Qf5 34. Qg3 Rc8 35. h3 Qf6 36. c7 Rd7 37. Rfd1 Qd6 38. Qb3 a6 39. Qb2 Kf7 40. Qb3+ Kg7 41. Qb2 Kf8 42. g3 Kf7 43. Qb3+ Qd5 44. Qb2 Ke8 45. Rd2 Kf7 46. Rcd1 Rcxc7 47. Rxd4 Qe6 48. Qd2 Rxd4 49. Qxd4 Qf6 1-0

[Event "50th La Roda Open 2024"]
[Site "La Roda"]
[Date "2024.03.30"]
[Round "7.1"]
[White "Sonis, Francesco"]
[Black "Aravindh, Chithambaram VR."]
[Result "1/2-1/2"]
[ECO "E05"]
[WhiteElo "2562"]
[BlackElo "2662"]
[Annotator "TA"]
[PlyCount "62"]
[EventDate "2024.03.27"]
[EventType "swiss"]
[EventCountry "ESP"]
[SourceTitle "playchess.com"]
[Source "ChessBase"]
[SourceQuality "1"]
[TimeControl "5400+30"]

1. Nf3 Nf6 2. c4 e6 3. g3 d5 4. Bg2 Be7 5. O-O O-O 6. d4 dxc4 7. Qc2 a6 8. a4 Bd7 9. Qxc4 Bc6 10. Nc3 Nbd7 11. Bf4 Nb6 12. Qd3 Nbd5 13. Ne5 Nxf4 14. gxf4 Bxg2 15. Kxg2 c5 {[%emt 0:00:19] The position is equal.} 16. dxc5 Bxc5 17. Qf3 Qe7 18. Rfd1 Rfd8 19. e3 Rac8 20. Rac1 Bd6 21. Rd4 Bb4 22. Rxd8+ Rxd8 23. Ne4 Nd7 24. Nd3 Nf8 25. Qe2 Bd6 26. Ne1 Ng6 27. Kg1 Bb8 28. Nf3 h6 29. Qc4 Qd7 30. Ng3 Ne7 31. Qb3 Nc6 {[%emt 0:00:10] An even fight not without its subleties.   Weighted Error Value: White=0.05 (flawless) /Black=0.05 (flawless) .  Inaccurate:     	White=1     	---        OK:         	White=7     	Black=5      Best:        	---       	Black=1} 1/2-1/2

[Event "50th La Roda Open 2024"]
[Site "La Roda"]
[Date "2024.03.30"]
[Round "7.2"]
[White "Xu, Xiangyu"]
[Black "Martinez Ramirez, Lennis"]
[Result "1-0"]
[ECO "D35"]
[WhiteElo "2623"]
[BlackElo "2450"]
[Annotator "TA"]
[PlyCount "127"]
[EventDate "2024.03.27"]
[EventType "swiss"]
[EventCountry "ESP"]
[SourceTitle "playchess.com"]
[Source "ChessBase"]
[SourceQuality "1"]
[TimeControl "5400+30"]

1. d4 Nf6 2. c4 e6 3. Nc3 d5 4. cxd5 exd5 5. Bg5 c6 6. e3 Be7 7. Bd3 Nbd7 8. h3 {[%emt 0:00:18] D35: Queen's Gambit Declined: Exchange Variation.} Nf8 9. Nf3 Ne6 10. Bh4 a5 $146 ({Predecessor:} 10... g6 11. Bg3 Kf8 12. Ke2 Bd6 13. Bxd6+ Qxd6 14. Qg1 Kg7 15. Qh2 Qxh2 16. Rxh2 Re8 {½-½ Anand,V (2756)-Adams,M (2696) Dortmund NC World Masters 2022 (6)}) 11. O-O O-O 12. Rc1 g6 13. Na4 Ra7 14. Qb3 Nh5 15. Bxe7 Qxe7 16. Qb6 Ra8 17. Rc3 Ng5 18. Nxg5 Qxg5 19. Kh2 Qe7 20. Qc5 Qxc5 21. dxc5 Be6 22. Nb6 Rad8 23. Ra3 d4 24. e4 (24. Bc4 $14) 24... Nf4 $11 25. Rd1 f5 26. e5 Nxd3 27. Raxd3 f4 28. Rxd4 Rxd4 29. Rxd4 Bxa2 30. Ra4 Be6 31. Rxa5 Rf5 32. Ra8+ Kg7 33. Rb8 Rxe5 34. Rxb7+ Kf6 35. b4 Re2 36. f3 Rb2 37. Rxh7 Rxb4 38. Rc7 Bd5 39. h4 Rb2 (39... Ke5 $14) 40. Nxd5+ $16 cxd5 {[%emt 0:00:04] [#]} 41. Rc6+ $1 Ke5 $2 (41... Kf5 $16) 42. Rxg6 $18 d4 43. h5 Rb8 $2 (43... Kd5 44. h6 Rb8) 44. Rd6 Rh8 $2 (44... Rb5 45. Rg6 Rxc5) 45. h6 $18 d3 46. Kg1 ({Not} 46. Rxd3 Rxh6+ 47. Kg1 Ra6 $18) 46... d2 47. Kf2 Rxh6 48. Rxd2 Rc6 49. Rc2 Kd4 50. Rc1 (50. g3 Kd3 51. Rc1 fxg3+ 52. Kxg3 Ke3) 50... Kd5 51. Rh1 Ra6 52. Rh5+ Kd4 53. Rf5 Ra2+ 54. Kg1 Ra1+ 55. Kh2 Ke3 56. Kh3 Rc1 57. Kg4 Rc2 58. Re5+ (58. g3 $142 {Strongly threatening Re5+.} fxg3 59. Kxg3) 58... Kf2 59. Kxf4 Kxg2 60. Kg4 Rc3 61. f4 Rg3+ 62. Kf5 Kf3 63. c6 Rg4 64. Re3+ 1-0